 Dungeon Crawl Stone Soup version 0.31-a0-210-gccc998df9b (webtiles) character file.

Game seed: 13611312114514749348

3727 Dittersdorf the Blocker (level 10, -6/65 HPs)
             Began as a Gargoyle Fighter on June 29, 2023.
             Killed by divine providence
             ... invoked by an orc priest
              (12 damage)
             ... on level 8 of the Dungeon.
             The game lasted 00:09:23 (6136 turns).

Dittersdorf the Blocker (Gargoyle Fighter)          Turns: 6136, Time: 00:09:23

Health: -6/65      AC: 24    Str: 25    XL:     10   Next: 14%
Magic:  10/10      EV:  8    Int: 10    God:
Gold:   507        SH:  6    Dex: 11    Spells: 9/9 levels left

rFire   . . .        a - +0 flail
rCold   . . .        c - +0 buckler
rNeg    + . .        k - +1 chain mail {Will+}
rPois   ∞            p - +0 helmet
rElec   +            u - +0 cloak
rCorr   .            v - +0 pair of gloves
SInv    .            r - +0 pair of boots
Will    +....        q - amulet of regeneration Stlth
                     j - ring "Cihikk" {Fire Str+2 Dex+2}
HPRegen 1.10/turn    z - ring of ice
MPRegen 0.12/turn

%: no passive effects
@: studying Shields
A: sickness immunity, AC +7, negative energy resistance 1, electricity
resistance, torment resistance 1, petrification resistance
a: no special abilities


You were on level 8 of the Dungeon.
You visited 2 branches of the dungeon, and saw 9 of its levels.
You also visited: Ossuary.

You collected 507 gold pieces.

Inventory:

Hand Weapons
 a - a +0 flail (weapon)
Missiles
 g - 3 throwing nets (quivered)
Armour
 c - a +0 buckler (worn)
 k - a +1 chain mail of willpower (worn)
 p - a +0 helmet (worn)
 r - a +0 pair of boots (worn)
 u - a +0 cloak (worn)
 v - a +0 pair of gloves (worn)
Jewellery
 e - the macabre finger necklace {Finger+ rN+}
   (You took it off an orc on level 6 of the Dungeon)

   [amulet of nothing]

   Finger+:   It enables you to equip an extra ring.
   rN:        It protects you from negative energy.
 j - the ring "Cihikk" (left hand) {Fire Str+2 Dex+2}
   (You found it on level 4 of the Dungeon)

   [ring of fire]

   It enhances your fire magic.
   Str:       It affects your strength (+2).
   Dex:       It affects your dexterity (+2).
   rF:        It protects you from fire.
   rC:        It makes you vulnerable to cold.
 q - an amulet of regeneration (around neck)
 z - a ring of ice (right hand)
Wands
 y - a wand of iceblast (7)
 A - a wand of flame (16)
 E - a wand of digging (4)
Scrolls
 b - a scroll of enchant armour
 i - 4 scrolls of teleportation
 s - 3 scrolls of fog
 x - a scroll of fear
 C - a scroll of blinking
Potions
 d - 3 potions of might
 f - a potion of resistance {unknown}
 h - a potion of lignification {unknown}
 l - a potion of enlightenment {unknown}
 m - a potion of invisibility {unknown}
 n - 11 potions of curing {unknown}
 o - a potion of ambrosia
 t - a potion of berserk rage
 w - 2 potions of mutation
 B - 4 potions of heal wounds
 D - a potion of brilliance


   Skills:
 + Level 8.5 Fighting
 + Level 7.4 Maces & Flails
 + Level 8.5 Armour
 + Level 11.1 Shields


You had 9 spell levels left.
You didn't know any spells.
Your spell library contained the following spells:

 Spells                   Type           Power      Damage    Failure   Level
 Freeze                   Ice            0%         1d3       88%         1
 Magic Dart               Conj           0%         1d3       88%         1
 Blink                    Tloc           0%         N/A       95%         2
 Call Imp                 Summ           0%         N/A       95%         2
 Lesser Beckoning         Tloc           0%         N/A       95%         2
 Momentum Strike          Conj/Tloc      0%         3d8       95%         2
 Frozen Ramparts          Ice            0%         1d1       99%         3
 Hailstorm                Conj/Ice       0%         3d3       99%         3
 Ignite Poison            Fire/Tmut/Pois 0%         N/A       99%         3
 Mephitic Cloud           Conj/Pois/Air  0%         N/A       99%         3
 Portal Projectile        Hex/Tloc       0%         N/A       99%         3
 Tukima's Dance           Hex            0%         N/A       99%         3
 Volatile Blastmotes      Fire/Tloc      0%         2d10      99%         3
 Fulminant Prism          Conj/Hex       0%         3d5       100%        4
 Iskenderun's Mystic Bla  Conj/Tloc      0%         2d3       100%        4
 Blade Hands              Tmut           0%         N/A       100%        5
 Freezing Cloud           Conj/Ice/Air   0%         6-21      100%        5
 Lee's Rapid Deconstruct  Erth           0%         3d4*      100%        5
 Cigotuvi's Dreadful Rot  Necr/Pois/Air  Unusable   N/A       N/A         2

Dungeon Overview and Level Annotations

Branches:
Dungeon (8/15)             Temple (1/1) D:4         Ossuary (visited)
   Lair: D:8-11

Altars:
Ashenzari
Cheibriados
Dithmenos
Fedhas
Gozag
Hepliaklqana
Kikubaaqudgha
Nemelex Xobeh
Qazlal
Ru
Sif Muna
Uskayaw
Vehumet
Xom
Zin

Shops:
D:1 *(:*   D:8 (

Portals:
Abyss: D:4

Annotations:
D:3 1 runed translucent door, Crazy Yiuf
D:4 2 transporters, AwFulAwFulPlayer's ghost, amateur DrDe


Innate Abilities, Weirdness & Mutations

You are immune to sickness and miasma.
Your stone body is resilient. (AC +7)
You are immune to poison.
You resist negative energy. (rN+)
You are resistant to electric shocks. (rElec)
You are resistant to unholy torment.
You are immune to petrification.


Message History

The manticore bites you but does no damage.
The manticore claws you but does no damage. x2
The orc priest miscasts a cantrip.
You thump the manticore!
The manticore is moderately wounded.
The manticore bites you but does no damage.
You block the manticore's attack.
The manticore claws you but does no damage.
You closely miss the manticore.
The manticore is moderately wounded.
The manticore bites you.
The manticore claws you but does no damage.
The manticore barely misses you.
You barely miss the manticore.
The manticore is moderately wounded.
You block the manticore's attack. The manticore claws you.
The manticore claws you!
* * * LOW HITPOINT WARNING * * *
You barely miss the manticore.
The manticore is moderately wounded.
The orc priest invokes the aid of Beogh against you.
Beogh smites you!
* * * LOW HITPOINT WARNING * * *
You block the manticore's attack. The manticore claws you.
* * * LOW HITPOINT WARNING * * *
The manticore closely misses you.
You barely miss the manticore.
The manticore is moderately wounded.
The manticore bites you.
* * * LOW HITPOINT WARNING * * *
The manticore claws you but does no damage.
The manticore claws you.
* * * LOW HITPOINT WARNING * * *
You hit the manticore.
The manticore is moderately wounded.
The manticore bites you but does no damage.
The manticore claws you but does no damage. x2
The orc priest invokes the aid of Beogh against you.
Beogh smites you!
You die...

. .. ..♣♣♣♣.
.......
.......###
#.o.# #.#.#
...#.##
..#..#(o#####
##
#H.#.oH@..#
#.##..###.#
#. #....#.#
.. #.##.#.#
#......#
####...#
#.#>.....
#.###...# #.#
####


You could see a manticore and 2 orc priests.

Vanquished Creatures
  3 yaks (D:5)
  A water moccasin (D:7)
  3 ice beasts
  A black bear (D:6)
  3 ogres
  3 centaurs
  11 scorpions
  6 bullfrogs
  6 killer bees (D:7)
  A crimson imp (D:5)
  2 centaur zombies (Ossuary)
  2 hounds
  An orc priest (D:7)
  A sleepcap (D:7)
  2 gnoll boudas (D:6)
  2 jellies (D:6)
  6 scorpion zombies (Ossuary)
  2 iguanas (D:6)
  5 orc wizards
  3 mummies (Ossuary)
  Robin (D:3)
  6 gnolls
  9 river rats (D:6)
  8 adders
  4 white imps
  A worm (D:2)
  3 dart slugs
  17 orcs
  6 endoplasms
  5 giant cockroaches
  2 gnoll zombies (Ossuary)
  14 goblins
  6 hobgoblins
  2 jackals (D:2)
  9 quokkas
  4 ball pythons
  5 bats
  6 frilled lizards
  3 goblin zombies (Ossuary)
  2 hobgoblin zombies (Ossuary)
  8 kobolds
  2 kobold zombies (Ossuary)
  3 orc zombies (Ossuary)
  22 rats
212 creatures vanquished.

Notes
Turn   | Place    | Note
-------+----------+-------------------------------------------
     0 | D:1      | Dittersdorf the Gargoyle Fighter began the quest for the
                  | Orb.
     0 | D:1      | Reached XP level 1. HP: 14/14 MP: 1/1
    45 | D:1      | Found Codibbad's Antique Weapon Emporium.
   106 | D:1      | Reached XP level 2. HP: 19/19 MP: 2/2
   119 | D:1      | Found Jimpaedgh's Book Shop.
   173 | D:1      | Found Gifug's Assorted Antiques.
   187 | D:1      | Found a faded altar of an unknown god.
   379 | D:1      | Reached XP level 3. HP: 23/23 MP: 3/3
   716 | D:1      | Found Pacrasup's Assorted Antiques.
   935 | D:2      | Reached XP level 4. HP: 28/29 MP: 4/4
  1375 | D:2      | Reached skill level 4 in Shields
  1548 | D:3      | Noticed Robin
  1561 | D:3      | Killed Robin
  1571 | D:3      | Reached XP level 5. HP: 25/33 MP: 5/5
  2127 | D:3      | Found a runed translucent door.
  2128 | D:3      | Noticed Crazy Yiuf
  2236 | D:4      | Found a transporter.
  2237 | D:4      | Noticed a small abomination
  2242 | D:4      | Found a transporter.
  2299 | D:4      | Found a staircase to the Ecumenical Temple.
  2345 | Temple   | Entered the Ecumenical Temple
  2389 | D:4      | Identified a scroll of acquirement
  2389 | D:4      | Acquired a manual of Shields
  2493 | D:4      | Found a one-way gate to the infinite horrors of the Abyss.
  2493 | D:4      | Noticed AwFulAwFulPlayer's ghost (amateur DrDe)
  2498 | D:4      | Found a shimmering altar of Xom.
  2539 | D:4      | Identified the ring "Cihikk" {Fire Str+2 Dex+2}
  2711 | D:5      | Entered Level 5 of the Dungeon
  2833 | D:5      | Reached XP level 6. HP: 39/39 MP: 6/6
  2839 | D:5      | Noticed a yak
  2841 | D:5      | Noticed a yak
  2845 | D:5      | Noticed a yak
  2887 | D:5      | Killed a yak
  2888 | D:5      | Reached skill level 5 in Armour
  2888 | D:5      | Reached skill level 5 in Shields
  2893 | D:5      | Killed a yak
  2894 | D:5      | Reached skill level 5 in Fighting
  2894 | D:5      | Reached XP level 7. HP: 32/44 MP: 7/7
  2904 | D:5      | Killed a yak
  2905 | D:5      | Reached skill level 6 in Shields
  3091 | D:5      | Found a shadowy altar of Dithmenos.
  3113 | D:5      | Reached XP level 8. HP: 51/51 MP: 8/8
  3177 | D:5      | Reached skill level 7 in Shields
  3235 | D:5      | Reached skill level 5 in Maces & Flails
  3553 | D:5      | Found a broken altar of Ashenzari.
  3800 | D:6      | Found a sand-covered staircase.
  3813 | Ossuary  | Entered an ossuary
  3844 | Ossuary  | Reached skill level 8 in Shields
  3949 | Ossuary  | Reached XP level 9. HP: 43/56 MP: 9/9
  4061 | Ossuary  | Reached skill level 9 in Shields
  4285 | D:6      | Found a blossoming altar of Fedhas.
  4288 | D:6      | Found a radiant altar of Vehumet.
  4291 | D:6      | Found a snail-covered altar of Cheibriados.
  4294 | D:6      | Found a sparkling altar of Nemelex Xobeh.
  4897 | D:6      | Reached skill level 10 in Shields
  5330 | D:7      | Reached XP level 10. HP: 46/64 MP: 10/10
  5375 | D:7      | Reached skill level 11 in Shields
  6001 | D:8      | Found Tucaziqi's Antique Weapon Shop.
  6112 | D:8      | Noticed a manticore
  6136 | D:8      | Killed from afar by an orc priest

Illustrated notes

Levels and vault maps discovered:
D:1:      evilmike_arrival_plus, layout_loops_ring, serial_shops, shop, shop,
          shop, nicolae_shop_just_a_little_nook,
          shapermc_ecumenical_altar_mp_highgroup, minmay_misc_feat_five,
          nrook_mini_backslash, minmay_misc_feat_hallway, minmay_pentomino_t4
D:2:      layout_basic, cheibrodos_gnoll_hut
D:3:      layout_basic, uniq_crazy_yiuf_cottage, uniq_robin
D:4:      layout_basic, mainiacjoe_overflow_alcove_2,
          minmay_temple_entry_slanted, gammafunk_ghost_abyssal_escape
D:5:      layout_basic, grunt_dithmenos_smoke, nicolae_ashenzari_panopticon,
          roderic_lattice_a, minmay_fire_ice_demons
D:6:      lemuel_ratsnest, layout_rooms, grunt_temple_overflow_cloverleaf,
          nicolae_ossuary_entry_ruins, minmay_between
D:7:      layout_basic, grunt_ministairs_4
D:8:      minmay_evil_eye, layout_basic, mainiacjoe_overflow_boulevard,
          mainiacjoe_overflow_catwalk, dpeg_lair_monsters, serial_shops,
          shop_statue, uniq_maurice
Temple:   hellmonk_temple_rainy

Skill      XL: |  1  2  3  4  5  6  7  8  9 10 |
---------------+-------------------------------+-----
Armour         | 4 5 6 8 |  8.5
Shields        | 4 5 6 8 10 11 | 11.1
Fighting       | 4 5 6 8 |  8.5
Maces & Flails | 3 4 5 7 |  7.4

Action                     |  1- 3 |  4- 6 |  7- 9 | 10-12 || total
---------------------------+-------+-------+-------+-------++-------
  Melee: Flail             |   134 |   221 |   589 |    82 ||  1026
    Use: Scroll            |     1 |    10 |     8 |       ||    19
 Armour: Scale mail        |    56 |       |       |       ||    56
         Chain mail        |    33 |   130 |   475 |    79 ||   717
  Dodge: Dodged            |    57 |    82 |   263 |    45 ||   447
  Block: Buckler           |    24 |    43 |   218 |    38 ||   323

Table legend: (Time is in decaauts)
 A = Elapsed time spent in this place.
 B = Non-inter-level travel time spent in this place.
 C = Inter-level travel time spent in this place.
 D = Time resting spent in this place.
 E = Time spent auto-exploring this place.
 F = Levels seen in this place.
 G = Mean time per level.
                   A        B        C        D        E       F      G
               +--------+--------+--------+--------+--------+-----+--------+
         Total |   6316 |   5996 |    320 |     82 |   3849 |  10 |  631.6 |
       Dungeon |   5892 |   5572 |    320 |     82 |   3717 |   8 |  736.5 |
        Temple |     25 |     25 |      0 |      0 |      9 |   1 |   25.0 |
       Ossuary |    398 |    398 |      0 |      0 |    123 |   1 |  398.0 |
               +--------+--------+--------+--------+--------+-----+--------+

Top non-repeatable levels by time:
     D:5: 1140 daAuts
     D:7: 943 daAuts
     D:6: 852 daAuts
     D:1: 846 daAuts
     D:2: 761 daAuts
     D:3: 658 daAuts
     D:4: 510 daAuts
 Ossuary: 398 daAuts
     D:8: 179 daAuts
  Temple: 25 daAuts
